Map: Jagannatha LE

Players

ByuN - Winner!

  • Race: Terran Terran
  • Spawn Location: 1:00

Solar

  • Race: Zerg Zerg
  • League: Grandmaster
  • Spawn Location: 7:00

Event: ASUS ROG Online 2020

VOD

Have the link to the VOD?

Description

Time

  • Played on: Nov. 29, 2020, 1:59 p.m.
  • Length: 9:55

All games in this series

Show
View Real Time Build Order
Export as new Build Order

ByuN Terran - Winner!

Build Orders: Reaper Expand, Hellion Banshee 

Get SALT Encoding   

  12  0:00  SCV  
  13  0:12  SCV  
  14  0:17  Supply Depot  
  14  0:24  SCV  
  15  0:38  SCV  
  15  0:40  Barracks  
  16  0:43  Refinery  
  16  0:50  SCV  
  17  1:03  SCV  
  18  1:15  SCV  
  19  1:27  Orbital Command, Reaper  
  20  1:39  Command Center  
  20  1:50  Supply Depot  
  20  1:53  SCV  
  21  1:59  Marine  
  22  2:03  Factory  
  22  2:07  SCV  
  23  2:12  Refinery  
  23  2:19  SCV  
  23  2:20  Barracks Reactor  
  24  2:32  SCV  
  25  2:44  SCV  
  26  2:48  Starport  
  26  2:53  Orbital Command  
  26  2:56  SCV  
  27  2:59  Hellion  
  27  3:00  Hellion  
  31  3:05  Barracks Tech Lab  
  31  3:08  SCV  
  32  3:20  SCV x2  
  32  3:21  Hellion x2  
  32  3:22  Supply Depot  
  38  3:31  Cloaking Field  
  38  3:32  Banshee  
  41  3:35  SCV  
  41  3:36  SCV  
  41  3:37  Marine  
  44  3:45  Hellion x2  
  44  3:47  SCV  
  50  3:48  SCV  
  50  3:52  Supply Depot  
  50  4:00  Barracks Tech Lab, SCV x2  
  54  4:14  SCV x2  
  54  4:15  Supply Depot  
  54  4:16  Banshee, Hellion x2  
  61  4:26  SCV  
  62  4:36  Stimpack  
  62  4:37  SCV  
  63  4:38  Command Center  
  63  4:41  SCV  
  63  4:45  Supply Depot  
  64  4:46  Factory Reactor  
  64  4:52  Barracks, SCV  
  65  4:54  SCV  
  65  4:55  Barracks  
  66  5:04  SCV  
  66  5:05  Marine  
  66  5:06  SCV  
  69  5:08  Engineering Bay  
  69  5:10  Engineering Bay  
  69  5:16  SCV  
  69  5:17  Starport Reactor  
  69  5:18  SCV  
  65  5:22  Marine  
  63  5:28  SCV  
  63  5:30  SCV  
  63  5:31  Refinery  
  63  5:32  Refinery  
  57  5:39  Factory Reactor  
  57  5:40  SCV, Marine  
  57  5:41  Terran Infantry Armor Level 1, Terran Infantry Weapons Level 1  
  57  5:42  SCV  
  60  5:44  Marine x2  
  62  5:52  SCV, Marine  
  62  5:53  Marine  
  62  5:54  Orbital Command  
  62  5:56  SCV  
  66  5:58  Marine  
  66  6:01  Medivac x2  
  66  6:02  Marine x2  
  73  6:04  SCV  
  73  6:10  Marine  
  75  6:13  Marine  
  75  6:15  Hellion  
  75  6:16  Hellion, Marine  
  81  6:20  Marine x2  
  83  6:27  Barracks  
  83  6:28  Barracks, Marine  
  83  6:30  Marine  
  85  6:33  Orbital Command  
  85  6:34  Combat Shield, Medivac x2, Marine  
  85  6:37  Hellion  
  85  6:38  Marine  
  93  6:43  Armory  
  93  6:44  Marine  
  93  6:45  Hellion  
  93  6:47  Supply Depot, SCV x2  
  96  6:48  Supply Depot  
  96  6:50  Marine x2  
  100  6:55  Marine  
  101  7:03  Supply Depot  
  101  7:06  Supply Depot  
  101  7:08  SCV x3, Marine x4  
  105  7:13  Marine  
  109  7:20  SCV x3  
  112  7:26  Marine  
  112  7:28  Marine x2  
  112  7:29  Marine  
  112  7:31  Barracks Reactor x2  
  112  7:32  SCV x3  
  111  7:39  Marine  
  111  7:43  Widow Mine x2, Marine  
  111  7:44  SCV x3  
  111  7:46  Marine x3  
  111  7:50  Factory, Refinery  
  117  7:51  Supply Depot x2  
  117  7:53  Concussive Shells  
  117  7:56  SCV, Marine  
  119  7:58  Supply Depot  
  119  8:01  Marine  
  119  8:04  Widow Mine x2, Marine x3  
  124  8:07  Medivac  
  126  8:14  Marine  
  126  8:19  Marine  
  128  8:20  Marine  
  128  8:21  Marine x3  
  128  8:22  Marine  
  128  8:23  Marauder  
  133  8:34  Marine  
  133  8:35  Marine  
  133  8:37  Medivac x2, Widow Mine x2, Marine  
  133  8:38  Factory Tech Lab, Marine x2  
  146  8:47  Marine  
  146  8:48  Marine x2  
  148  8:49  Marauder  
  150  8:58  Barracks x2  
  150  8:59  Command Center  
  150  9:00  Barracks  
  144  9:06  Marine x2  
  144  9:07  Marine x5  
  150  9:10  Marauder  
  150  9:11  Widow Mine x2  
  150  9:13  Medivac x2  
  152  9:20  Marine  
  153  9:24  Widow Mine, Marine x2  
  153  9:25  Marine x3  
  147  9:32  Marauder, Widow Mine  
  147  9:33  Widow Mine  
Show
View Real Time Build Order
Export as new Build Order

Solar Zerg 

Build Orders: Hatch First 

Get SALT Encoding   

  12  0:00  Drone  
  13  0:13  Overlord  
  13  0:16  Drone  
  14  0:32  Drone x2  
  16  0:49  Hatchery  
  15  0:51  Drone  
  15  0:56  Drone  
  17  0:59  Drone  
  18  1:10  Extractor  
  17  1:14  Spawning Pool  
  17  1:18  Drone  
  17  1:20  Drone  
  18  1:29  Drone  
  19  1:39  Drone  
  20  1:51  Drone  
  21  2:00  Queen x2  
  26  2:01  Zergling x4  
  27  2:13  Overlord  
  27  2:15  Drone  
  28  2:25  Hatchery  
  28  2:29  Drone  
  28  2:33  Drone  
  28  2:34  Drone  
  30  2:39  Spore Crawler  
  30  2:42  Queen  
  32  2:46  Metabolic Boost  
  32  2:50  Overlord  
  32  2:54  Drone  
  32  2:56  Drone  
  34  2:59  Drone  
  34  3:01  Drone  
  36  3:09  Drone x2  
  36  3:12  Drone x3  
  41  3:18  Queen  
  43  3:21  Overlord  
  43  3:23  Drone  
  44  3:35  Overlord  
  44  3:37  Queen  
  44  3:38  Zergling x6  
  49  3:43  Drone x2  
  49  3:45  Zergling x4  
  53  3:52  Drone x2  
  53  3:53  Drone x2  
  53  3:54  Drone  
  58  3:57  Queen  
  58  4:01  Overlord  
  60  4:04  Drone  
  60  4:05  Drone  
  60  4:07  Overlord  
  62  4:10  Drone  
  62  4:12  Overlord  
  63  4:18  Queen  
  63  4:20  Zergling x2  
  66  4:25  Overlord  
  66  4:27  Zergling x8  
  69  4:35  Drone  
  69  4:36  Drone x2  
  69  4:37  Spore Crawler  
  71  4:39  Drone x2  
  71  4:40  Spore Crawler  
  71  4:41  Drone  
  71  4:42  Spore Crawler  
  72  4:46  Evolution Chamber  
  72  4:47  Drone  
  72  4:48  Evolution Chamber  
  72  4:50  Extractor  
  72  4:52  Spore Crawler, Drone x2  
  72  4:56  Spore Crawler  
  68  5:00  Drone  
  68  5:01  Drone x2  
  68  5:02  Drone  
  68  5:05  Drone  
  73  5:07  Drone  
  73  5:08  Drone  
  73  5:11  Drone x2  
  72  5:14  Drone x3  
  72  5:17  Zergling x2  
  71  5:21  Zergling x2  
  71  5:27  Drone x2  
  69  5:29  Drone  
  69  5:31  Drone  
  69  5:32  Drone  
  69  5:34  Drone  
  73  5:38  Zerg Melee Weapons Level 1  
  73  5:45  Zerg Ground Armor Level 1  
  73  5:49  Drone x3  
  74  5:53  Lair  
  74  5:56  Extractor  
  71  5:57  Spore Crawler  
  71  5:58  Drone  
  71  6:02  Spore Crawler, Drone  
  71  6:03  Drone  
  71  6:04  Drone x2  
  75  6:07  Drone x2  
  75  6:10  Drone x2  
  75  6:11  Drone x2  
  75  6:13  Drone  
  75  6:14  Drone  
  75  6:15  Drone  
  79  6:18  Drone  
  79  6:22  Drone  
  79  6:29  Baneling Nest  
  79  6:30  Drone x2  
  79  6:31  Drone  
  80  6:33  Overlord  
  80  6:36  Overlord  
  80  6:38  Extractor  
  80  6:39  Extractor, Drone  
  79  6:41  Drone x2  
  79  6:42  Drone  
  79  6:43  Drone  
  79  6:46  Drone x2  
  82  6:48  Overlord  
  82  6:50  Overlord  
  82  6:52  Overseer  
  82  6:55  Zergling x6  
  82  6:59  Zergling x6  
  87  7:03  Zergling x6  
  90  7:09  Zergling x4  
  90  7:10  Zergling x2  
  90  7:12  Zergling x10  
  98  7:16  Centrifical Hooks  
  98  7:21  Zergling x2  
  97  7:25  Zergling x6  
  97  7:27  Zergling x6  
  101  7:35  Zergling x4  
  101  7:40  Baneling x8  
  101  7:43  Zergling x12  
  107  7:44  Overlord  
  107  7:47  Overlord  
  107  7:49  Overlord  
  107  7:50  Overlord  
  107  7:55  Overlord  
  107  7:56  Overlord  
  107  7:57  Overlord  
  107  7:59  Overlord  
  105  8:11  Zergling x8  
  108  8:17  Baneling  
  108  8:18  Hatchery  
  106  8:20  Hydralisk Den  
  106  8:22  Zergling x8  
  106  8:25  Zergling x4  
  106  8:26  Zergling x4  
  111  8:32  Zergling x8  
  106  8:35  Zergling x6  
  106  8:39  Zergling x10  
  114  8:44  Queen  
  114  8:46  Zergling x2  
  114  8:47  Drone  
  116  8:51  Drone  
  116  8:57  Hydralisk  
  116  8:58  Hydralisk x3  
  116  9:00  Hydralisk  
  122  9:04  Drone  
  122  9:06  Hydralisk x2  
  122  9:08  Zergling x4  
  129  9:12  Zergling x6  
  129  9:15  Zergling x4  
  119  9:22  Hydralisk  
  119  9:23  Hydralisk x2  
  113  9:26  Overseer  
  113  9:27  Zergling x4  
  111  9:33  Zergling x10  
  111  9:37  Zergling x8  
Tags
 
Add a new tag
Caveats
  • Supply blocks, unpowered buildings, or Contaminate may cause inaccurate times.
  • Supply counts are checked every 10 seconds.